 Dungeon Sprint DCSS version 0.31-a0-743-g45f7035092 (webtiles) character file.

Game seed: 15904256266292751992

1201 sircluck the Grappler (level 8, -10/138 HPs)
             Began as a Troll Berserker on Sept 12, 2023.
             Was the Champion of Trog.
             Mangled by an orc knight
             ... wielding a +3 war axe of venom
              (13 damage)
             ... in the Dungeon (Sprint VII: "The Pits").
             The game lasted 00:01:02 (355 turns).

sircluck the Grappler (Troll Berserker)              Turns: 355, Time: 00:01:02

Health: -10/138    AC:  4    Str: 28    XL:     8   Next: 21%
Magic:  7/7        EV: 12    Int:  3    God:    Trog [******]
Gold:   0          SH:  0    Dex:  9    Spells: 7/7 levels left

rFire   . .          .
                       - Unarmed
rCold   . . .        (no shield)
rNeg    . . .        a - +0 animal skin
rPois   .            (helmet restricted)
rElec   .            (no cloak)
rCorr   .            (gloves unavailable)
SInv    .            (boots unavailable)
Will    .....        (no amulet) Stlth
                     (no ring)
HPRegen 1.23/turn    (no ring)
MPRegen 0.10/turn

%: no teleportation
@: berserking, lethally poisoned (-10 -> -10), very quick
A: large, unfitting armour, claws 3, regeneration 1, shaggy fur 1, tough skin 1
a: Renounce Religion, Berserk, Trog's Hand, Brothers in Arms


You were in the Dungeon.
You worshipped Trog.
Trog was exalted by your worship.
You visited 1 branch

Inventory:

Armour
 a - a +0 animal skin (worn)
Scrolls
 g - a scroll of blinking
 i - 2 scrolls of vulnerability
 j - a scroll of butterflies
Potions
 b - 5 potions of curing
 c - 3 potions of heal wounds
 d - a potion of haste
 e - 4 potions of magic
 f - 3 potions of berserk rage
 h - 2 potions of invisibility


   Skills:
 + Level 9.3 Fighting
 + Level 9.2 Dodging
 + Level 10.9 Unarmed Combat


You had 7 spell levels left.
You didn't know any spells.
Your spell library was empty.

Dungeon Overview and Level Annotations

Branches:
Dungeon (1/1)

Altars:
Ashenzari
Cheibriados
Dithmenos
Elyvilon
Fedhas
Gozag
Hepliaklqana
Kikubaaqudgha
Makhleb
Nemelex Xobeh
Okawaru
Qazlal
Ru
Sif Muna
Trog
Uskayaw
Vehumet
Wu Jian
Xom
Yredelemnul
Zin
The Shining One
Jiyva
Lugonu


Innate Abilities, Weirdness & Mutations

You are too large for most types of armour.
You have claws for hands.
Your natural rate of healing is unusually fast.
You are covered in fur. (AC +1)
You have tough skin. (AC +1)


Message History

* * * LOW HITPOINT WARNING * * *
Unknown command.
The orc knight attacks as it pursues you!
The orc knight hits you with a +3 war axe of venom!
* * * LOW HITPOINT WARNING * * *
The boulder beetle stops rolling and uncurls.
The orc priest calls upon Beogh to heal the orc knight.
The orc knight is healed somewhat.
Items here: )) [ †.
You feel much better.
The orc knight hits you with a +3 war axe of venom!
* * * LOW HITPOINT WARNING * * *
You are poisoned.
Unknown command.
You mangle the orc knight!! Your claw misses the orc knight.
The orc knight is heavily wounded.
You feel very sick.
The orc knight hits you with a +3 war axe of venom!!
* * * LOW HITPOINT WARNING * * *
Unknown command.
You feel much better.
You feel very sick.
The boulder beetle leaps!
The orc knight hits you with a +3 war axe of venom!
* * * LOW HITPOINT WARNING * * *
Unknown command.
A red film seems to cover your vision as you go berserk!
You feel yourself moving faster!
You feel mighty!
You feel sick.
The orc knight hits you with a +3 war axe of venom.
* * * LOW HITPOINT WARNING * * *
You mangle the orc knight!!
The orc knight is almost dead.
You feel sick.
You scratch the orc knight.
The orc knight is almost dead.
You feel sick.
The orc priest calls upon Beogh to heal the orc knight.
The orc knight is healed somewhat.
The orc knight hits you with a +3 war axe of venom!
You die...

#)#))#.....##.......#
#)#[[###†####.......#
#)##'#.....##...<...#
#)#........##.......#
#.#........##.......#
#'###########.......#
#.......#..##########
#...#...#)##
#...#...#@#
#)##.##.#o#
#...#...#oo.o°.+
#...#...#'#.°..#
#.......'.#....#
########### ####


You could see an orc knight, an orc priest (strong) and an orc (strong).

Vanquished Creatures
  An orc sorcerer (D)
  A warg (D)
  A floating eye (D)
  An ogre (D)
  A wolf (D)
  A centaur (D)
  A kobold brigand (D)
  A bullfrog (D)
  A scorpion (D)
  2 jellies (D)
  2 orc priests (D)
  An orc wizard (D)
  3 gnolls (D)
  A worm (D)
  5 orcs (D)
  A ball python (D)
  An endoplasm (D)
  A hobgoblin (D)
  A ball python skeleton (D)
  A bat (D)
28 creatures vanquished.

Notes
Turn   | Place    | Note
-------+----------+-------------------------------------------
     0 | D        | sircluck the Troll Berserker began the quest for the Orb.
     0 | D        | Reached XP level 1. HP: 22/22 MP: 0/0
    21 | D        | Found a bloodstained altar of Trog.
    21 | D        | Found a shimmering blue altar of Sif Muna.
    21 | D        | Found a viscous altar of Jiyva.
    21 | D        | Found a hazy altar of Hepliaklqana.
    21 | D        | Found an opulent altar of Gozag.
    22 | D        | Found a glowing golden altar of the Shining One.
    22 | D        | Found a glowing silver altar of Zin.
    22 | D        | Found a basalt altar of Yredelemnul.
    22 | D        | Found a shimmering altar of Xom.
    22 | D        | Found an ornate altar of the Wu Jian Council.
    22 | D        | Found a sacrificial altar of Ru.
    22 | D        | Found a stormy altar of Qazlal.
    22 | D        | Found an iron altar of Okawaru.
    22 | D        | Found a sparkling altar of Nemelex Xobeh.
    22 | D        | Found a burning altar of Makhleb.
    22 | D        | Found a blossoming altar of Fedhas.
    22 | D        | Found a white marble altar of Elyvilon.
    22 | D        | Found a shadowy altar of Dithmenos.
    22 | D        | Found a snail-covered altar of Cheibriados.
    26 | D        | Found a corrupted altar of Lugonu.
    26 | D        | Found a radiant altar of Vehumet.
    27 | D        | Found a broken altar of Ashenzari.
    27 | D        | Found an ancient bone altar of Kikubaaqudgha.
    27 | D        | Found a hide-covered altar of Uskayaw.
    66 | D        | Reached ** piety under Trog
    67 | D        | Reached skill level 4 in Unarmed Combat
    67 | D        | Reached XP level 2. HP: 30/31 MP: 1/1
    80 | D        | Reached XP level 3. HP: 30/39 MP: 2/2
    91 | D        | Noticed a scorpion
    91 | D        | Noticed a warg
    96 | D        | Killed a scorpion
    97 | D        | Reached skill level 5 in Unarmed Combat
    97 | D        | Reached XP level 4. HP: 27/49 MP: 3/3
   100 | D        | Reached *** piety under Trog
   105 | D        | Killed a warg
   106 | D        | Reached skill level 7 in Unarmed Combat
   106 | D        | Reached XP level 5. HP: 7/59 MP: 4/4
   196 | D        | Noticed an ogre
   196 | D        | Noticed a wolf
   209 | D        | Killed an ogre
   210 | D        | Reached skill level 8 in Unarmed Combat
   210 | D        | Reached XP level 6. HP: 68/68 MP: 5/5
   210 | D        | Reached **** piety under Trog
   222 | D        | Reached skill level 9 in Unarmed Combat
   222 | D        | Reached ***** piety under Trog
   244 | D        | Reached XP level 7. HP: 27/79 MP: 6/6
   313 | D        | Reached ****** piety under Trog
   316 | D        | Reached skill level 10 in Unarmed Combat
   319 | D        | Identified the +1 battleaxe of Veboomof {heavy, Stlth+}
                  | (Trog gifted it to you in the Dungeon)
   319 | D        | Received a gift from Trog
   329 | D        | Noticed a boulder beetle
   329 | D        | Noticed an orc knight
   329 | D        | Noticed an orc sorcerer
   336 | D        | Noticed an ice devil
   336 | D        | Killed an orc sorcerer
   337 | D        | Reached XP level 8. HP: 92/92 MP: 7/7
   349 | D        | HP: 2/92 [orc knight/+3 war axe of venom (16)]
   354 | D        | HP: 3/138 [poisoned by an orc knight]
   355 | D        | Mangled by an orc knight

Illustrated notes

Levels and vault maps discovered:
D:        pitsprint [storerooms_1, entrance_room_1, metal_vault_5, armoury_3,
          mini_pit_1, grid_room_1, main_hall_1, silver_pit, the_coven_1,
          the_vestibule_1, steel_vault_1, golden_pit, hallway_of_sentries,
          crystal_vault_1, iron_vault_4, final_vault]

Skill      XL: |  1  2  3  4  5  6  7 |
---------------+----------------------+-----
Fighting       | 3 4 6 7 9 |  9.3
Dodging        | 3 4 6 7 9 |  9.2
Unarmed Combat | 4 5 7 8 9 10 | 10.9

Action                     |  1- 3 |  4- 6 |  7- 9 || total
---------------------------+-------+-------+-------++-------
  Melee: Unarmed           |    19 |    34 |    25 ||    78
         Punch             |       |     1 |     3 ||     4
 Invoke: Berserk           |       |       |     1 ||     1
    Use: Potion            |       |       |     4 ||     4
 Armour: Animal skin       |    14 |    20 |    18 ||    52
  Dodge: Dodged            |    13 |    11 |    13 ||    37

Table legend: (Time is in decaauts)
 A = Elapsed time spent in this place.
 B = Non-inter-level travel time spent in this place.
 C = Inter-level travel time spent in this place.
 D = Time resting spent in this place.
 E = Time spent auto-exploring this place.
 F = Levels seen in this place.
 G = Mean time per level.
                   A        B        C        D        E       F      G
               +--------+--------+--------+--------+--------+-----+--------+
         Total |    343 |    343 |      0 |      6 |    172 |   1 |  343.0 |
       Dungeon |    343 |    343 |      0 |      6 |    172 |   1 |  343.0 |
               +--------+--------+--------+--------+--------+-----+--------+

Top non-repeatable levels by time:
       D: 343 daAuts
